 Dungeon Crawl Stone Soup version 0.29.1-12-g30fa7ad0bf (webtiles) character file.

Game seed: 10677179001447843896

9143 Lutefisk the Covert (level 11, -2/86 HPs)
             Began as a Vampire Brigand on Jan 8, 2023.
             Was a Believer of Wu Jian.
             Slain by a cane toad (16 damage)
             ... on level 2 of the Lair of Beasts.
             The game lasted 00:42:33 (5170 turns).

Lutefisk the Covert (Vampire Brigand)               Turns: 5170, Time: 00:42:35

Health: -2/86      AC:  5    Str: 10    XL:     11   Next: 19%
Magic:  11/11      EV: 21    Int: 13    God:    Wu Jian [**....]
Gold:   217        SH:  0    Dex: 21    Spells: 10/10 levels left

rFire   . . .      SeeInvis +   f - +0 long sword
rCold   . . .      Faith    .   (no shield)
rNeg    . . .      Spirit   .   G - +0 troll leather armour
rPois   +          Reflect  .   (no helmet)
rElec   .          Harm     .   c - +0 cloak
rCorr   .          Rampage  .   (no gloves)
Will    +....                   (no boots)
Stlth   ++++++....              n - amulet of regeneration
HPRegen 2.04/turn               a - +4 ring of evasion
MPRegen 0.12/turn               P - ring of poison resistance

@: lethally poisoned (-2 -> -3), healing quickly, studying Polearms
A: alive, fangs 3, see invisible, vampiric 2
a: Exsanguinate, Renounce Religion, Wall Jump


You were on level 2 of the Lair of Beasts.
You worshipped Wu Jian.
Wu Jian was pleased with you.
You visited 3 branches of the dungeon, and saw 14 of its levels.

You collected 697 gold pieces.
You spent 480 gold pieces at shops.

Inventory:

Hand Weapons
 f - a +0 long sword (weapon)
 k - a +2 short sword of venom
 z - a +1 dagger of draining
Missiles
 d - 45 poisoned darts (quivered)
 e - 2 curare-tipped darts
Armour
 c - a +0 cloak (worn)
 r - a +2 robe of fire resistance
 G - a +0 troll leather armour (worn)
Magical Staves
 x - a staff of air
Jewellery
 a - a +4 ring of evasion (left hand)
 n - an amulet of regeneration (around neck)
 o - a +6 ring of strength
 p - a ring of flight
 y - a ring of willpower
 K - a ring of willpower
 P - a ring of poison resistance (right hand)
Wands
 t - a wand of paralysis (17)
 C - a wand of iceblast (18)
Scrolls
 g - 4 scrolls of enchant weapon
 h - 5 scrolls of poison
 l - 2 scrolls of brand weapon
 m - 9 scrolls of teleportation
 s - 3 scrolls of silence
 v - a scroll of summoning {unknown}
 w - a scroll of enchant armour
 B - 2 scrolls of blinking
 F - 4 scrolls of magic mapping
Potions
 b - a potion of magic {unknown}
 j - a potion of invisibility
 q - a potion of ambrosia {unknown}
 u - a potion of brilliance
 A - 6 potions of curing
 D - a potion of lignification
 E - a potion of haste {unknown}
 H - a potion of flight
 J - a potion of mutation {unknown}
 L - a potion of attraction {unknown}
 M - 2 potions of cancellation
 N - a potion of degeneration {unknown}


   Skills:
 - Level 8.0 Fighting
 - Level 2.1(6.3) Short Blades
 * Level 8.6(8.7) Long Blades
 - Level 2.0 Throwing
 - Level 2.0 Armour
 - Level 8.0 Dodging
 - Level 14.0 Stealth
 - Level 5.0 Evocations


You had 10 spell levels left.
You didn't know any spells.
Your spell library contained the following spells:

 Spells                   Type           Power      Damage    Failure   Level
 Magic Dart               Conj           0%         1d3       38%         1
 Sandblast                Erth           0%         2d4       38%         1
 Call Imp                 Summ           0%         N/A       52%         2
 Passwall                 Tmut/Erth      0%         N/A       52%         2
 Mephitic Cloud           Conj/Pois/Air  0%         N/A       77%         3
 Stone Arrow              Conj/Erth      0%         3d7       77%         3
 Passage of Golubria      Tloc           0%         N/A       99%         4
 Silence                  Hex/Air        0%         N/A       100%        5
 Lehudib's Crystal Spear  Conj/Erth      0%         10d2      100%        8


Dungeon Overview and Level Annotations

Branches:
Dungeon (11/15)            Temple (1/1) D:7            Lair (2/5) D:11
  Swamp: Lair:2-3    Shoals: Lair:2-3     Snake: Lair:2-3    Spider: Lair:2-3
    Orc: D:9-12

Altars:
Cheibriados
Dithmenos
Fedhas
Kikubaaqudgha
Nemelex Xobeh
Okawaru
Qazlal
Sif Muna
Uskayaw
Vehumet
Wu Jian
Yredelemnul

Shops:
D:8 ?

Annotations:
D:6 1 runed translucent door, SirLogeyBear's ghost, novice HOBe
D:11 Urug


Innate Abilities, Weirdness & Mutations

Your natural rate of healing is accelerated.
You have razor-sharp teeth.
You have supernaturally acute eyesight. (SInv)
You are afflicted with vampirism and can become a bat while bloodless.


Message History

You bite the black mamba.
The black mamba is heavily wounded.
You feel sick. The black mamba misses you. The cane toad stings you!!
* * * LOW HITPOINT WARNING * * *
You are more poisoned.
The cane toad poisons you! The black mamba completely misses you.
Okay, then.
You feel much better.
You feel very sick. The black mamba closely misses you.
The cane toad completely misses you.
You spin and attack the cane toad.
You hit the cane toad but do no damage.
The cane toad is severely wounded.
You spin and attack the black mamba.
You slash the black mamba!
The black mamba is severely wounded.
You feel very sick. The black mamba completely misses you.
The cane toad barely misses you. The black mamba completely misses you.
You spin and attack the cane toad.
You hit the cane toad.
The cane toad is severely wounded.
You spin and attack the black mamba.
You hit the black mamba. Your punch misses the black mamba.
The black mamba is severely wounded.
You feel very sick. The black mamba misses you. The cane toad stings you!!
* * * LOW HITPOINT WARNING * * *
The black mamba barely misses you.
You feel much better.
You feel sick. The black mamba misses you. The cane toad completely misses you.
The black mamba bites you but does no damage.
The cane toad stings you!
* * * LOW HITPOINT WARNING * * *
Okay, then.
Aiming: Mindburst
Press: ? - help, Shift-Dir - straight line, f - cane toad
Aim: a cane toad (severely wounded, chance to affect: 81%)
The cane toad's mind is blasted.
The now-empty wand crumbles to dust.
You feel sick. The black mamba bites you!
* * * LOW HITPOINT WARNING * * *
The cane toad stings you!
You die...

#..............
..#..!...........
..#..............
.................
..#......#P#..###
..#.....#######
P.......##
.......SF#
!.......@#
......<.........
###.#######.#.##
## #


You could see a black mamba and a cane toad.

Vanquished Creatures
  3 two-headed ogres
  A gargoyle (D:11)
  A kobold demonologist (D:11)
  A troll (D:8)
  Sigmund (D:5)
  2 shadows (D:10)
  2 wyverns
  9 yaks
  2 basilisks
  2 steam dragons (D:8)
  2 black bears
  4 orc warriors
  3 ice beasts (D:5)
  3 sky beasts
  2 ogres (D:4)
  4 centaurs
  5 kobold brigands
  3 bullfrogs
  3 necrophages
  A gnoll sergeant (D:10)
  5 scorpions
  4 wights (D:7)
  9 killer bees
  2 vampire bats (D:5)
  5 howler monkeys
  A gnoll bouda (D:8)
  4 orc priests
  2 hounds (D:6)
  3 iguanas
  3 orc wizards
  4 adders (D:6)
  6 gnolls
  A shadow imp (D:5)
  3 white imps
  2 worms
  A dart slug (D:4)
  16 orcs
  4 bat skeletons (D:5)
  2 bat zombies (D:5)
  5 endoplasms
  3 giant cockroaches
  2 goblins
  3 hobgoblins
  7 jackals
  A quokka (D:2)
  3 ball pythons
  2 bats (D:2)
  A frilled lizard (D:1)
  41 kobolds
  A rat (D:3)
200 creatures vanquished.

Vanquished Creatures (others)
  2 ball pythons (D:3)
  A fungus (Lair:2)
  18 plants
21 creatures vanquished.

Grand Total: 221 creatures vanquished

Notes
Turn   | Place    | Note
-------+----------+-------------------------------------------
     0 | D:1      | Lutefisk the Vampire Brigand began the quest for the Orb.
     0 | D:1      | Reached XP level 1. HP: 16/16 MP: 1/1
    49 | D:2      | Reached skill level 6 in Stealth
    86 | D:2      | Reached XP level 2. HP: 18/23 MP: 2/2
   576 | D:2      | Gained mutation: You are afflicted with vampirism and can
                  | become a bat while bloodless. [Vampire growth]
   576 | D:2      | Reached XP level 3. HP: 21/29 MP: 3/3
   633 | D:3      | Found a faded altar of an unknown god.
   773 | D:3      | Reached skill level 1 in Long Blades
   860 | D:4      | Noticed an ogre
   882 | D:4      | Noticed a steam dragon
   886 | D:4      | Noticed an ice beast
   888 | D:4      | Killed an ogre
   889 | D:4      | Reached skill level 7 in Stealth
   889 | D:4      | Reached XP level 4. HP: 35/37 MP: 4/4
   889 | D:4      | Reached XP level 5. HP: 40/42 MP: 5/5
   946 | D:4      | Reached skill level 8 in Stealth
  1051 | D:5      | Entered Level 5 of the Dungeon
  1118 | D:5      | Found a sparkling altar of Nemelex Xobeh.
  1118 | D:5      | Found a shadowy altar of Dithmenos.
  1125 | D:5      | Noticed Sigmund
  1129 | D:5      | Killed Sigmund
  1130 | D:5      | Reached skill level 10 in Stealth
  1130 | D:5      | Reached XP level 6. HP: 48/48 MP: 6/6
  1240 | D:4      | Reached skill level 1 in Armour
  1313 | D:4      | Reached XP level 7. HP: 54/54 MP: 7/7
  1578 | D:5      | Reached skill level 5 in Fighting
  1622 | D:5      | Reached XP level 8. HP: 38/62 MP: 8/8
  1639 | D:5      | Found an ancient bone altar of Kikubaaqudgha.
  1674 | D:5      | Reached skill level 1 in Evocations
  2232 | D:6      | Found a runed translucent door.
  2239 | D:6      | Noticed SirLogeyBear's ghost (novice HOBe)
  2301 | D:6      | Reached skill level 11 in Stealth
  2574 | D:6      | Reached skill level 12 in Stealth
  2574 | D:6      | Reached XP level 9. HP: 62/69 MP: 9/9
  2705 | D:7      | Found a staircase to the Ecumenical Temple.
  2716 | Temple   | Entered the Ecumenical Temple
  2753 | Temple   | Became a worshipper of the Wu Jian Council
  2927 | D:7      | Found a snail-covered altar of Cheibriados.
  2966 | D:6      | Reached skill level 5 in Dodging
  3118 | D:7      | Reached skill level 5 in Long Blades
  3207 | D:8      | Found Vilag's Magic Scroll Shop.
  3223 | D:8      | Noticed a two-headed ogre
  3338 | D:8      | Found a radiant altar of Vehumet.
  3339 | D:8      | Found a hide-covered altar of Uskayaw.
  3354 | D:8      | Noticed a troll
  3364 | D:8      | Killed a troll
  3430 | D:8      | Reached * piety under Wu Jian
  3582 | D:8      | Noticed a two-headed ogre
  3583 | D:8      | Reached skill level 5 in Evocations
  3583 | D:8      | Reached XP level 10. HP: 51/79 MP: 10/10
  3619 | D:8      | Killed a two-headed ogre
  3842 | D:8      | Bought a scroll of teleportation for 36 gold pieces
  3842 | D:8      | Bought a scroll of teleportation for 36 gold pieces
  3842 | D:8      | Bought a scroll of magic mapping for 90 gold pieces
  3842 | D:8      | Bought a scroll of identify for 24 gold pieces
  3848 | D:8      | Bought a scroll of brand weapon for 114 gold pieces
  3848 | D:8      | Bought a scroll of enchant weapon for 90 gold pieces
  3848 | D:8      | Bought a scroll of enchant armour for 90 gold pieces
  3863 | D:9      | Noticed a two-headed ogre
  4028 | D:9      | Found a basalt altar of Yredelemnul.
  4044 | D:9      | Noticed a two-headed ogre
  4063 | D:9      | Killed a two-headed ogre
  4129 | D:9      | Reached skill level 13 in Stealth
  4249 | D:10     | Entered Level 10 of the Dungeon
  4322 | D:10     | Noticed a two-headed ogre
  4329 | D:10     | Killed a two-headed ogre
  4330 | D:10     | Reached skill level 14 in Stealth
  4374 | D:10     | Reached ** piety under Wu Jian
  4536 | D:10     | Noticed a two-headed ogre
  4711 | D:10     | Reached XP level 11. HP: 73/86 MP: 11/11
  4765 | D:11     | Noticed a six-headed hydra
  4766 | D:11     | Noticed Urug
  4987 | D:11     | Found a staircase to the Lair.
  5048 | Lair:1   | Entered Level 1 of the Lair of Beasts
  5170 | Lair:2   | Slain by a cane toad

Illustrated notes

Levels and vault maps discovered:
D:1:      dpeg_arrival_orchard, layout_rooms
D:2:      layout_basic, serial_corexii_hall, corexii_hall_statues_t,
          chequers_hall_statues_corner_a
D:3:      layout_rooms, nicolae_ecumenical_lake_church, minmay_misc_feat_cross,
          kennysheep_generic_room_9, uniq_crazy_yiuf_cottage
D:4:      layout_basic, minmay_manual_monstrance
D:5:      layout_basic, kennysheep_vampire_church,
          nicolae_overflow_two_pavilions, uniq_sigmund
D:6:      kennysheep_kobold_camp, layout_cave_pods, ebering_ghost_sewer_d,
          chequers_serial_rivers_micro_e
D:7:      layout_rooms, chei_slow_surprise, tso_metal_star,
          minmay_temple_entry_large_hall
D:8:      layout_rooms, mainiacjoe_overflow_divided_tiny, serial_shops, shop,
          kennysheep_generic_room_16
D:9:      layout_small_grid, nicolae_ru_the_path_less_chosen,
          mainiacjoe_overflow_concentric_impassable
D:10:     layout_irregular_city, nzn_hepliaklqana_mist_gate,
          amcnicky_altar_gilded
D:11:     layout_stronghold, david_lair_generic, uniq_urug
Temple:   minmay_temple_curvy_loop
Lair:1:   beast_lair_carwin_large_2, layout_gridlike,
          gammafunk_ghost_wrathful_warriors, bh_autumn_forest_stairs,
          evilmike_ambush [evilmike_ambush_outer_corners,
          evilmike_ambush_inner_basic]
Lair:2:   layout_chaotic_city, elwin_shoals_entry_rocks,
          nicolae_spider_entry_tight_spaces, chequers_serial_rivers_large_a,
          serial_bayou_pond_e

Skill      XL: |  1  2  3  4  5  6  7  8  9 10 11 |
---------------+----------------------------------+-----
Fighting       | 2 3 4 5 6 7 8 |  8.0
Stealth        | 6 7 10 12 14 | 14.0
Long Blades    | 1 3 5 7 8 |  8.6
Throwing       | 2 |  2.0
Armour         | 1 2 |  2.0
Dodging        | 2 4 6 7 8 |  8.0
Evocations     | 3 5 |  5.0
Short Blades   | |  2.1

Action                   |  1- 3 |  4- 6 |  7- 9 | 10-12 || total
-------------------------+-------+-------+-------+-------++-------
Melee: Dagger            |   105 |    51 |       |       ||   156
       Bite              |    11 |     3 |    52 |    31 ||    97
       Punch             |     1 |       |     8 |     2 ||    11
       Short sword       |       |    11 |   478 |   170 ||   659
       Long sword        |       |       |       |    40 ||    40
Throw: Dart              |     2 |     6 |    20 |    13 ||    41
       Boomerang         |       |       |     3 |       ||     3
Invok: Lunge             |       |       |    10 |    17 ||    27
       Whirlwind         |       |       |       |    61 ||    61
Evoke: Wand              |       |       |     4 |     1 ||     5
  Use: Potion            |       |       |     4 |     2 ||     6
       Scroll            |       |       |       |    10 ||    10
 Stab: Sleeping          |     7 |     2 |    17 |    14 ||    40
       Paralysed         |       |       |     3 |       ||     3
       Invisible         |       |       |     1 |       ||     1
Armor: Robe              |    17 |    21 |    86 |       ||   124
       Troll leather arm |       |       |     9 |    12 ||    21
Dodge: Dodged            |    47 |    50 |   337 |   169 ||   603
